 Dungeon Crawl Stone Soup version 0.30-a0-639-g3916f1956a (webtiles) character file.

Game seed: 404378743511995494

8968 drugrobin the Grappler (level 10, -4/83 HPs)
             Began as a Demigod Delver on Jan 16, 2023.
             Slain by a manticore (10 damage)
             ... on level 11 of the Dungeon.
             The game lasted 00:36:31 (12233 turns).

drugrobin the Grappler (Demigod Delver)            Turns: 12233, Time: 00:36:31

Health: -4/83      AC:  6    Str: 21    XL:     10   Next: 96%
Magic:  11/13      EV: 12    Int: 12    God:
Gold:   549        SH:  0    Dex: 19    Spells: 6/9 levels left

rFire   . . .      SeeInvis .      - Unarmed
rCold   . . .      Faith    .    (no shield)
rNeg    + . .      Spirit   .    S - +0 troll leather armour
rPois   .          Reflect  .    (no helmet)
rElec   .          Harm     .    I - +0 cloak
rCorr   .          Rampage  .    t - +0 pair of gloves
Will    ++...                    (no boots)
Stlth   +++                      F - amulet of regeneration
HPRegen 1.93/turn                G - ring of positive energy
MPRegen 0.13/turn                a - ring of willpower

@: very slightly contaminated
A: high MP 1, forlorn, divine attributes
a: no special abilities


You were on level 11 of the Dungeon.
You visited 1 branch of the dungeon, and saw 11 of its levels.

You collected 679 gold pieces.
You spent 130 gold pieces at shops.

Inventory:

Hand Weapons
 b - a +0 sling of flaming
 c - the +5 mace of Vioxuolo {spect, rC+ Str+2}
   (You found it on level 2 of the Dungeon)

   Str:       It affects your strength (+2).
   rC:        It protects you from cold.
 d - a +3 trident of venom
 r - a +0 hand axe of electrocution
Missiles
 p - 23 poisoned darts (quivered)
 E - 3 boomerangs of dispersal
 K - an atropa-tipped dart
Armour
 t - a +0 pair of gloves (worn)
 u - an orb of wrath
 I - a +0 cloak (worn)
 M - a +1 chain mail of fire resistance
 S - a +0 troll leather armour (worn)
Magical Staves
 l - a staff of air
Jewellery
 a - a ring of willpower (right hand)
 B - an amulet of the acrobat
 F - an amulet of regeneration (around neck)
 G - a ring of positive energy (left hand)
 L - a ring of willpower
Wands
 f - a wand of digging (3)
 N - a wand of flame (8)
 R - a wand of roots (13)
 T - a wand of quicksilver (4)
Scrolls
 e - a scroll of brand weapon {unknown}
 i - 9 scrolls of identify {unknown}
 j - a scroll of fog
 m - a scroll of noise {unknown}
 o - a scroll of summoning {unknown}
 q - a scroll of poison {unknown}
 s - 2 scrolls of magic mapping
 w - 3 scrolls of amnesia {unknown}
 y - a scroll of teleportation {unknown}
 z - 2 scrolls of immolation {unknown}
 A - 3 scrolls of enchant weapon
 C - a scroll of blinking {unknown}
 J - 3 scrolls of enchant armour {unknown}
 P - a scroll of silence {unknown}
Potions
 h - a potion of mutation {unknown}
 k - 3 potions of flight {unknown}
 n - 3 potions of brilliance {unknown}
 v - 7 potions of heal wounds {unknown}
 x - 2 potions of cancellation {unknown}
 D - 2 potions of berserk rage {unknown}
 H - a potion of resistance {unknown}
 O - a potion of ambrosia {unknown}
 Q - a potion of lignification {unknown}


   Skills:
 + Level 6.0 Fighting
 - Level 1.7 Dodging
 - Level 4.5 Stealth
 + Level 14.4 Unarmed Combat
 - Level 4.0 Evocations


You had 6 spell levels left.
You knew the following spells:

 Your Spells              Type           Power      Damage    Failure   Level
a - Summon Small Mammal   Summ           0%         N/A       36%         1
b - Blink                 Tloc           0%         N/A       50%         2

Your spell library contained the following spells:

 Spells                   Type           Power      Damage    Failure   Level
 Apportation              Tloc           0%         N/A       36%         1
 Necrotise                Necr           0%         1d4       36%         1
 Lesser Beckoning         Tloc           0%         N/A       50%         2
 Momentum Strike          Conj/Tloc      0%         3d8       50%         2
 Gell's Gravitas          Tloc           0%         N/A       75%         3
 Inner Flame              Hex/Fire       0%         N/A       75%         3
 Teleport Other           Tloc           0%         N/A       75%         3
 Cause Fear               Hex            0%         N/A       98%         4
 Dispersal                Tloc           0%         N/A       100%        6
 Discord                  Hex            0%         N/A       100%        8


Dungeon Overview and Level Annotations

Branches:
Dungeon (11/15)            Temple (0/1) D:4            Lair (0/5) D:9
    Orc: D:9-12

Shops:
D:3 [

Annotations:
D:8 2 runed translucent doors


Innate Abilities, Weirdness & Mutations

You have an increased reservoir of magic. (+10% MP)
You shall have no god before yourself.
Your divine heritage dramatically boosts your attributes as you level up.


Message History

Unknown command.
You hit the manticore.
The manticore is lightly wounded.
You hit the manticore.
The manticore is lightly wounded.
Your bat hits the manticore but does no damage.
The manticore bites you!! The manticore claws you!
The manticore claws you but does no damage.
You hit the manticore but do no damage.
The manticore is lightly wounded.
Your bat barely misses the manticore.
The manticore closely misses you. The manticore claws you!
The manticore claws you.
* * * LOW HITPOINT WARNING * * *
Unknown command.
Unknown command.
Okay, then.
Unknown command.
Throw: dart (atropa)
Press: ? - help, Shift-Dir - straight line, f/p - manticore
Aim: a manticore (lightly wounded, ally target, 74% to hit, chance to blind on hit: 3%)
Okay, then.
Unknown command.
You feel better.
Your bat closely misses the manticore.
Your bat hits the manticore but does no damage. x2
The manticore bites you!
* * * LOW HITPOINT WARNING * * *
The manticore claws you!
* * * LOW HITPOINT WARNING * * *
The manticore closely misses you.
Unknown command.
Unknown command.
As you read the scroll labelled UZITWIMIRO, it crumbles to dust.
It is a scroll of enchant weapon.
Your +2 trident of venom glows red for a moment.
Your bat barely misses the manticore.
Your bat hits the manticore but does no damage.
The manticore bites you!
* * * LOW HITPOINT WARNING * * *
The manticore barely misses you. The manticore claws you!
You die...

#........#.....##..#..(..#
#........#.....##..#.###.#
#........#.........#.# #.#
#........#.........'.# #.#
#........'.........#.###.#
#........###########.....#
#....########............#
#....#......#.##.........#
#.##.#....b@H............#
#>##.+..#####........##..#
#....#..## #............#
#....#...# #..##.......##
#....#..## #........##.#
#....#### #...........#
#....# #....H......#
#....# #.####...... #....#
#.. ......


You could see a manticore (ally target) and a friendly bat (summoned).

Vanquished Creatures
  3 two-headed ogres
  2 polar bears
  3 trolls
  4 slime creatures (D:10)
  3 wyverns
  5 yaks
  A steam dragon (D:10)
  2 orc warriors
  2 ice beasts (D:8)
  7 sky beasts
  2 black bears
  A centaur (D:10)
  2 wolves
  2 phantoms (D:5)
  6 kobold brigands
  6 bullfrogs
  4 necrophages
  A gnoll sergeant (D:8)
  3 scorpions
  5 killer bees
  5 howler monkeys
  An electric eel (D:8)
  4 jellies
  A gnoll bouda (D:7)
  5 orc priests
  A hound (D:7)
  5 iguanas
  5 orc wizards
  5 gnolls
  8 adders
  A shadow imp (D:7)
  6 white imps
  An ufetubus (D:4)
  2 worms (D:2)
  3 dart slugs
  27 orcs
  4 endoplasms (D:1)
  6 giant cockroaches
  5 goblins
  9 hobgoblins
  4 jackals (D:1)
  2 quokkas (D:2)
  5 ball pythons
  7 bats
  10 frilled lizards
  28 kobolds
224 creatures vanquished.

Vanquished Creatures (collateral kills)
  An orc wizard (D:5)
  2 kobolds
3 creatures vanquished.

Vanquished Creatures (others)
  A hound (D:6)
  A white imp (D:8)
  An ufetubus (D:8)
  3 kobolds (D:8)
  A goblin (D:6)
7 creatures vanquished.

Grand Total: 234 creatures vanquished

Notes
Turn   | Place    | Note
-------+----------+-------------------------------------------
     0 | D:5      | drugrobin the Demigod Delver began the quest for the Orb.
     0 | D:5      | Reached XP level 1. HP: 18/18 MP: 3/3
    50 | D:5      | Noticed an angel
    61 | D:5      | Noticed a profane servitor
   131 | D:4      | Reached skill level 2 in Unarmed Combat
   252 | D:3      | Found Nuronlya's Armour Shop.
   539 | D:2      | Reached XP level 2. HP: 19/25 MP: 4/4
   779 | D:1      | Reached skill level 3 in Unarmed Combat
  1061 | D:1      | Reached XP level 3. HP: 29/30 MP: 5/5
  1073 | D:1      | Learned a level 1 spell: Summon Small Mammal
  2212 | D:2      | Reached skill level 4 in Unarmed Combat
  2585 | D:2      | Reached XP level 4. HP: 37/37 MP: 6/6
  2608 | D:2      | Identified the +5 mace of Vioxuolo {spect, rC+ Str+2}
  3694 | D:3      | Bought an orb of wrath for 130 gold pieces
  3789 | D:4      | Reached skill level 5 in Unarmed Combat
  3789 | D:4      | Reached XP level 5. HP: 38/42 MP: 7/7
  4037 | D:4      | Reached skill level 6 in Unarmed Combat
  4180 | D:4      | Found a staircase to the Ecumenical Temple.
  4323 | D:4      | Reached XP level 6. HP: 42/50 MP: 8/8
  4887 | D:5      | Reached skill level 7 in Unarmed Combat
  5199 | D:4      | Reached XP level 7. HP: 54/56 MP: 9/9
  5354 | D:5      | Reached skill level 8 in Unarmed Combat
  6086 | D:6      | Noticed a wyvern
  6106 | D:6      | Killed a wyvern
  6210 | D:6      | Reached skill level 9 in Unarmed Combat
  6528 | D:6      | Reached XP level 8. HP: 61/62 MP: 10/10
  6581 | D:6      | Learned a level 2 spell: Blink
  6735 | D:7      | Reached skill level 10 in Unarmed Combat
  7206 | D:7      | Noticed a troll
  7228 | D:7      | Killed a troll
  7229 | D:7      | Reached skill level 11 in Unarmed Combat
  7414 | D:7      | Reached XP level 9. HP: 62/68 MP: 11/11
  7586 | D:7      | Reached skill level 12 in Unarmed Combat
  7712 | D:7      | Identified the +0 robe "Leyrut" {Str+2}
  8087 | D:7      | HP: 2/68 [wolf (5)]
  8097 | D:7      | HP: 1/68 [wolf (7)]
  8102 | D:7      | Reached skill level 13 in Unarmed Combat
  8468 | D:8      | Found a runed translucent door.
  8786 | D:8      | Noticed a two-headed ogre
  9266 | D:9      | Found a staircase to the Lair.
  9322 | D:9      | Noticed a two-headed ogre
  9324 | D:9      | Noticed a two-headed ogre
  9375 | D:9      | Killed a two-headed ogre
  9376 | D:9      | Reached skill level 1 in Evocations
  9376 | D:9      | Reached XP level 10. HP: 27/77 MP: 13/13
  9686 | D:9      | Killed a two-headed ogre
 10079 | D:8      | Found a runed translucent door.
 10079 | D:8      | Noticed a skeletal warrior
 10079 | D:8      | Noticed a cyclops
 10079 | D:8      | Noticed a deep elf pyromancer
 10288 | D:8      | Killed a two-headed ogre
 10289 | D:8      | Reached skill level 14 in Unarmed Combat
 10434 | D:10     | Entered Level 10 of the Dungeon
 11099 | D:10     | Reached skill level 5 in Fighting
 12214 | D:11     | Noticed a manticore
 12233 | D:11     | Slain by a manticore

Illustrated notes

Levels and vault maps discovered:
D:1:      dpeg_arrival_rhombus, layout_basic, serial_aquarium,
          aquarium_bridge_square [aquarium_subvault_bridge,
          aquarium_subvault_window, aquarium_subvault_bridge,
          aquarium_subvault_bridge], aquarium_window_corner, aquarium_window_1,
          aquarium_window_2, aquarium_window_fake, aquarium_view_2e,
          aquarium_pool_corner, minmay_distorted
D:2:      layout_loops_corners, nrook_uturn, minmay_misc_feat_room
D:3:      layout_basic, nicolae_uskayaw_dance_hall, grunt_gozag_statues,
          serial_shops, nicolae_square_shop
D:4:      layout_loops_ring, mainiacjoe_overflow_six_doors_small,
          kiku_gazebo_pond_becter, minmay_temple_entry_stoned_glass
D:5:      layout_rooms, grunt_temple_overflow_holy_war
D:6:      layout_basic, dk_xom_monty_hall, mainiacjoe_overflow_alcove_1,
          grunt_decor_resistance
D:7:      layout_basic, mainiacjoe_overflow_tiny_flanked, nzn_random_ring
D:8:      minmay_the_grid_triangle_9x9_rhombus_full
          [minmay_the_grid_triangle_9x9_limited_checkers,
          minmay_the_grid_triangle_9x9_minimal,
          minmay_the_grid_triangle_9x9_tough_junction,
          minmay_the_grid_triangle_9x9_stretched_checkered,
          minmay_the_grid_triangle_9x9_sprig,
          minmay_the_grid_triangle_9x9_zippers_horizontal,
          minmay_the_grid_triangle_9x9_dagger,
          minmay_the_grid_triangle_9x9_prize_insulated], layout_cave_pools,
          mainiacjoe_overflow_alcove_2, mainiacjoe_overflow_paths, minitemple,
          serial_ice, serial_ice_n, serial_ice_i, serial_ice_o, serial_ice_f,
          serial_ice_h, uniq_psyche
D:9:      layout_irregular_city, mainiacjoe_overflow_alcove_4, dpeg_oklobed_lair
D:10:     layout_loops_corners, okawaru_metal_pillars_1_2
D:11:     layout_stronghold, serial_shops, nicolae_shop_statue_plus,
          hangedman_glass_teeth, minmay_parallelograms

Skill      XL: |  1  2  3  4  5  6  7  8  9 10 |
---------------+-------------------------------+-----
Unarmed Combat | 2 3 4 5 6 7 9 11 13 14 | 14.4
Fighting       | 3 6 |  6.0
Evocations     | 1 4 |  4.0
Dodging        | |  1.7
Stealth        | |  4.5

Action                   |  1- 3 |  4- 6 |  7- 9 | 10-12 || total
-------------------------+-------+-------+-------+-------++-------
Melee: Hand axe          |    22 |       |       |       ||    22
       Unarmed           |   181 |   120 |   370 |   144 ||   815
       Punch             |     2 |     4 |    30 |    16 ||    52
       Mace              |       |     4 |     3 |       ||     7
       Trident           |       |       |       |    38 ||    38
 Fire: Sling             |       |    46 |    23 |     3 ||    72
Throw: Dart              |     3 |     7 |    30 |    32 ||    72
       Throwing net      |     1 |       |       |       ||     1
 Cast: Summon Small Mamm |     8 |     5 |     4 |    10 ||    27
Evoke: Wand              |       |       |    15 |     2 ||    17
  Use: Scroll            |     1 |       |     2 |     1 ||     4
       Potion            |       |       |     6 |     2 ||     8
 Stab: Sleeping          |    12 |     6 |       |       ||    18
       Held in net/web   |     1 |       |       |       ||     1
       Distracted        |       |       |     2 |     2 ||     4
Armor: Leather armour    |    22 |       |       |       ||    22
       Chain mail        |     6 |       |       |       ||     6
       Ring mail         |    34 |    25 |   130 |    18 ||   207
       Troll leather arm |       |       |       |    17 ||    17
Dodge: Dodged            |   118 |    64 |   176 |   101 ||   459

Table legend: (Time is in decaauts)
 A = Elapsed time spent in this place.
 B = Non-inter-level travel time spent in this place.
 C = Inter-level travel time spent in this place.
 D = Time resting spent in this place.
 E = Time spent auto-exploring this place.
 F = Levels seen in this place.
 G = Mean time per level.
                   A        B        C        D        E       F      G
               +--------+--------+--------+--------+--------+-----+--------+
         Total |  12112 |  11437 |    675 |    704 |   7182 |  11 | 1101.1 |
       Dungeon |  12112 |  11437 |    675 |    704 |   7182 |  11 | 1101.1 |
               +--------+--------+--------+--------+--------+-----+--------+

Top non-repeatable levels by time:
     D:7: 1663 daAuts
     D:1: 1229 daAuts
     D:4: 1183 daAuts
     D:8: 1183 daAuts
     D:2: 1159 daAuts
     D:3: 1125 daAuts
     D:6: 1071 daAuts
     D:9: 1033 daAuts
    D:10: 986 daAuts
     D:5: 790 daAuts
    D:11: 685 daAuts
